 Dungeon Crawl Stone Soup version 0.30-a0-1075-gcd70e7a56d (webtiles) character file.

Game seed: 8515917651901987263

95 BubbleThief the Chiller (level 4, -2/30 HPs)
             Began as a Barachi Ice Elementalist on Apr 14, 2023.
             Slain by an orc priest
             ... wielding a +0 hand axe
              (5 damage)
             ... on level 3 of the Dungeon.
             The game lasted 00:03:26 (2214 turns).

BubbleThief the Chiller (Barachi Ice Elementalist)  Turns: 2214, Time: 00:03:26

Health: -2/30      AC:  3    Str: 10    XL:     4   Next: 65%
Magic:  6/8        EV: 12    Int: 17    God:
Gold:   99         SH:  0    Dex: 12    Spells: 2/9 levels left

rFire   . . .      SeeInvis .    m - +0 great sword
rCold   . . .      Faith    .    (shield currently unavailable)
rNeg    . . .      Spirit   .    a - +0 robe
rPois   .          Reflect  .    (no helmet)
rElec   .          Rampage  .    f - +0 cloak
rCorr   .                        (no gloves)
Will    .....                    (no boots)
Stlth   ++                       (no amulet)
HPRegen 0.25/turn                (no ring)
MPRegen 0.11/turn                (no ring)

@: slow
A: amphibious, slowness 1, strong legs 1, +LOS
a: Hop


You were on level 3 of the Dungeon.
You visited 1 branch of the dungeon, and saw 3 of its levels.

You collected 99 gold pieces.

Inventory:

Hand Weapons
 i - a +0 dagger
 m - a +0 great sword (weapon)
Missiles
 e - 6 curare-tipped darts
Armour
 a - a +0 robe (worn)
 f - a +0 cloak (worn)
Scrolls
 c - 2 scrolls of fear {unknown}
 d - a scroll of fog {unknown}
 g - a scroll of poison {unknown}
 h - 2 scrolls of identify {unknown}
 j - a scroll of vulnerability {unknown}
 l - 2 scrolls of teleportation {unknown}
 n - a scroll of acquirement {unknown}
 p - a scroll of amnesia {unknown}
Potions
 b - a potion of magic
 k - a potion of invisibility {unknown}
 o - a potion of flight {unknown}
 q - a potion of haste {unknown}
 r - 3 potions of curing


   Skills:
 - Level 2.1 Dodging
 - Level 1.7 Stealth
 + Level 3.2 Spellcasting
 * Level 6.5 Ice Magic


You had 2 spell levels left.
You knew the following spells:

 Your Spells              Type           Power      Damage    Failure   Level
a - Freeze                Ice            96%        1d10      1%          1
b - Frozen Ramparts       Ice            48%        1d8       3%          3
c - Ozocubu's Armour      Ice            24%        N/A       3%          3

Your spell library contained the following spells:

 Spells                   Type           Power      Damage    Failure   Level
 Summon Ice Beast         Ice/Summ       13%        N/A       41%         4
 Dazzling Flash           Conj/Hex       4%         N/A       45%         3
 Portal Projectile        Hex/Tloc       4%         N/A       45%         3
 Tukima's Dance           Hex            2%         N/A       45%         3
 Agony                    Necr           2%         N/A       99%         5
 Blade Hands              Tmut           1%         N/A       99%         5
 Silence                  Hex/Air        1%         N/A       99%         5


Dungeon Overview and Level Annotations

Branches:
Dungeon (3/15)

Altars:

Shops:
D:3 (


Innate Abilities, Weirdness & Mutations

You are amphibious.
You cover ground slowly.
You can hop short distances.
You have an extended range of vision and can be seen from far away.


Message History

The ball python constricts you.
You slash the ball python!
You kill the ball python!
No target in view!
Magic restored.
HP restored.
You now have 99 gold pieces (gained 8).
You see here a ball python corpse.
There is an entrance to Paen's Weapon Shoppe here.
r - 3 potions of curing An orc priest and an orc come into view.
Found 13 gold pieces.
The orc priest shouts!
You hear a shout!
There are monsters nearby!
An orc comes into view. It is wielding a +2 dagger of draining.
The orc shouts!
You hear a shout!
An orc comes into view. It is wielding a +0 short sword.
An orc comes into view. It is wielding a +0 antimagic mace.
The orc shouts!
The orc priest calls down the wrath of Beogh upon you.
Beogh smites you!
Aiming: Freeze (safe; 1% risk of failure)
Press: ? - help, Q - select action, (/) - cycle Shift-Dir - straight line, f - orc priest
Aim: an orc priest, wielding a +0 hand axe You freeze the orc priest.
The orc priest is moderately wounded.
The orc priest mumbles some strange prayers to Beogh against you.
Beogh smites you!
* * * LOW HITPOINT WARNING * * *
Unknown command.
Aiming: Freeze (safe; 1% risk of failure)
Press: ? - help, Q - select action, (/) - cycle Shift-Dir - straight line, f/p - orc priest
Aim: an orc priest, wielding a +0 hand axe (moderately wounded)
You freeze the orc priest.
The orc priest is severely wounded.
The orc priest hits you with a +0 hand axe.
* * * LOW HITPOINT WARNING * * *
The orc priest attacks as you move away!
The orc priest hits you with a +0 hand axe.
You die...

#.# #.# #.# ... #.# #.#
#.# ###.#.####.######
..#
......oo@.......#####.#
...$.o#o#.#........##.#
#####o..#.#....>...##.#
#...#.......†..##.#
#.....∩†.......##.#
#...#.##.......##.#
......#.##.......##.###
....................>..
#....##.####.######<...


You could see an orc priest and 4 orcs.

Vanquished Creatures
  Natasha (D:3)
  2 adders (D:2)
  A worm (D:2)
  A dart slug (D:1)
  7 ball pythons
  7 bats
  5 endoplasms
  2 giant cockroaches (D:1)
  4 goblins
  4 hobgoblins (D:1)
  4 kobolds (D:1)
  5 frilled lizards
  2 rats (D:1)
45 creatures vanquished.

Notes
Turn   | Place    | Note
-------+----------+-------------------------------------------
     0 | D:1      | BubbleThief the Barachi Ice Elementalist began the quest
                  | for the Orb.
     0 | D:1      | Reached XP level 1. HP: 13/13 MP: 3/3
    29 | D:1      | Reached skill level 5 in Ice Magic
   154 | D:1      | Reached XP level 2. HP: 19/19 MP: 1/5
   523 | D:1      | Reached XP level 3. HP: 24/24 MP: 3/6
   575 | D:1      | Learned a level 3 spell: Frozen Ramparts
  1347 | D:2      | Reached skill level 6 in Ice Magic
  1747 | D:2      | Reached XP level 4. HP: 30/30 MP: 5/8
  1751 | D:2      | Learned a level 3 spell: Ozocubu's Armour
  2136 | D:3      | Noticed Natasha
  2137 | D:3      | Found Paen's Weapon Shoppe.
  2144 | D:3      | Killed Natasha
  2214 | D:3      | Slain by an orc priest

Illustrated notes

Levels and vault maps discovered:
D:1:      nzn_arrival_settlement, layout_loops_ring, minmay_strange_pillars,
          minmay_split_cup_small
D:2:      minmay_angry_zag, layout_basic, serial_corexii_hall,
          chequers_hall_statues_wall_a, chequers_hall_statues_corner_a
D:3:      layout_basic, ebering_ghost_disaster_area, serial_shops, shop,
          minmay_misc_feat_five, uniq_natasha

Skill      XL: |  1  2  3 |
---------------+----------+-----
Ice Magic      | 5 6 |  6.5
Spellcasting   | 3 |  3.2
Dodging        | |  2.1
Stealth        | |  1.7

Action                     |  1- 3 |  4- 6 || total
---------------------------+-------+-------++-------
  Melee: Unarmed           |    20 |       ||    20
         Dagger            |     2 |       ||     2
         Great sword       |       |     3 ||     3
   Cast: Freeze            |    55 |    13 ||    68
Ability: Hop               |     1 |       ||     1
    Use: Potion            |     2 |       ||     2
 Armour: Robe              |    21 |     5 ||    26
  Dodge: Dodged            |    47 |     9 ||    56

Table legend: (Time is in decaauts)
 A = Elapsed time spent in this place.
 B = Non-inter-level travel time spent in this place.
 C = Inter-level travel time spent in this place.
 D = Time resting spent in this place.
 E = Time spent auto-exploring this place.
 F = Levels seen in this place.
 G = Mean time per level.
                   A        B        C        D        E       F      G
               +--------+--------+--------+--------+--------+-----+--------+
         Total |   2533 |   2443 |     90 |     31 |   2032 |   3 |  844.3 |
       Dungeon |   2533 |   2443 |     90 |     31 |   2032 |   3 |  844.3 |
               +--------+--------+--------+--------+--------+-----+--------+

Top non-repeatable levels by time:
     D:2: 1293 daAuts
     D:1: 1150 daAuts
     D:3: 89 daAuts
